[Event "ICC tourney 2349 (60 10)"]
[Site "Internet Chess Club"]
[Date "2021.01.30"]
[Round "1"]
[White "Thoshan"]
[Black "fluffyhead101"]
[Result "1-0"]
[ICCResult "Black resigns"]
[WhiteElo "1916"]
[BlackElo "1473"]
[Opening "Sicilian: Anderssen variation"]
[ECO "B41"]
[NIC "SI.41"]
[Time "10:06:04"]
[PlyCount "63"]
[TimeControl "3600+10"]

1. e4 c5 2. Nf3 e6 3. d4 cxd4 4. Nxd4 Nf6 5. Nc3 Nc6 6. Be2 Bb4 7. Bf3 d5
8. exd5 Nxd5 9. Nxc6 bxc6 10. Bd2 Ba6 11. Ne4 Bxd2+ 12. Qxd2 O-O 13. O-O-O
Qb6 14. c3 Rfd8 15. Qc2 Rab8 16. h4 Rd7 17. h5 Rdb7 18. b3 h6 19. g4 f5 20.
gxf5 exf5 21. Nd6 Rc7 22. Bxd5+ cxd5 23. Rxd5 Rc6 24. Nxf5 Qc7 25. Rh3 Rc8
26. Kb2 Re8 27. Rg3 Re2 28. Rd2 Rxd2 29. Qxd2 Qe5 30. Rxg7+ Qxg7 31. Nxg7
Kxg7 32. Qd7+ { Black resigns } 1-0

[Event "ICC tourney 2349 (60 10)"]
[Site "Internet Chess Club"]
[Date "2021.01.30"]
[Round "1"]
[White "rcww2020"]
[Black "PlayfulDolphin"]
[Result "1-0"]
[ICCResult "Black resigns"]
[WhiteElo "1674"]
[BlackElo "1100"]
[Opening "Sicilian: dragon variation"]
[ECO "B70"]
[NIC "SI.15"]
[Time "10:05:58"]
[PlyCount "149"]
[TimeControl "3600+10"]

1. e4 c5 2. Nf3 d6 3. d4 cxd4 4. Nxd4 Nf6 5. Nc3 g6 6. Bc4 a6 7. O-O b5 8.
Bd3 Bg7 9. Be3 Bb7 10. f3 d5 11. exd5 Nxd5 12. Nxd5 Qxd5 13. Be4 Qd7 14.
Qd3 O-O 15. Bxb7 Qxb7 16. Qe4 Qxe4 17. fxe4 Nd7 18. c3 Rac8 19. Rfd1 Nc5
20. Nf3 Nxe4 21. Rd7 e6 22. Rad1 Nf6 23. Ra7 Ra8 24. Rd6 Rxa7 25. Bxa7 Ra8
26. Rxa6 Bf8 27. b4 Nd5 28. Nd4 Nxc3 29. Nc6 Nd5 30. a3 Bh6 31. Ra5 Nc3 32.
Bd4 Rxa5 33. bxa5 Ne2+ 34. Kf2 Nxd4 35. Nxd4 Bf8 36. Nxb5 Bc5+ 37. Ke2 Kf8
38. a6 Ke7 39. a7 Bxa7 40. Nxa7 Kd6 41. Nb5+ Kc5 42. a4 Kb4 43. Nc3 f5 44.
Ke3 e5 45. h3 Kc4 46. g3 Kb4 47. Nd5+ Kxa4 48. Nf6 g5 49. Nxh7 f4+ 50. gxf4
gxf4+ 51. Ke4 Kb5 52. Ng5 Kc6 53. Kxe5 Kd7 54. Kf6 Ke8 55. Kg7 f3 56. Nxf3
Ke7 57. h4 Ke6 58. h5 Kf5 59. h6 Ke4 60. h7 Kd3 61. h8=Q Ke2 62. Ng5 Ke3
63. Nf7 Kf3 64. Kf6 Ke4 65. Ke6 Kd3 66. Qh4 Ke3 67. Qg4 Kd3 68. Qf4 Kc3 69.
Qe4 Kb3 70. Qd4 Kc2 71. Qe3 Kb2 72. Qd3 Ka1 73. Qd2 Kb1 74. Kd5 Ka1 75. Kc4
{ Black resigns } 1-0

[Event "ICC tourney 2349 (60 10)"]
[Site "Internet Chess Club"]
[Date "2021.01.30"]
[Round "1"]
[White "rgolden277"]
[Black "ShadowApt"]
[Result "0-1"]
[ICCResult "White resigns"]
[WhiteElo "1554"]
[BlackElo "2090"]
[Opening "Queen's pawn game"]
[ECO "A46"]
[NIC "QP.06"]
[Time "10:06:01"]
[PlyCount "80"]
[TimeControl "3600+10"]

1. d4 Nf6 2. Nf3 d6 3. Bf4 g6 4. e3 Bg7 5. c4 O-O 6. Nc3 c5 7. d5 Nh5 8.
Bg5 a6 9. Be2 h6 10. Bh4 Qb6 11. Qc2 Re8 12. O-O Nd7 13. Nd2 Nhf6 14. f4
Nf8 15. e4 e6 16. Kh1 N6h7 17. Bf3 g5 18. fxg5 hxg5 19. Bg3 e5 20. Rf2 Ng6
21. Raf1 Nf4 22. Bd1 Nf6 23. h4 g4 24. Bxf4 exf4 25. Rxf4 Nh5 26. Rxf7 Ng3+
27. Kh2 Nxf1+ 28. Rxf1 Be5+ 29. g3 Qd8 30. Kg2 Rf8 31. Rxf8+ Qxf8 32. Nf1
Bd4 33. Qd2 Bd7 34. Qg5+ Qg7 35. Qxg7+ Kxg7 36. Nh2 Rf8 37. Bxg4 Rf2+ 38.
Kh1 Bxg4 39. Nxg4 Rxb2 40. Na4 Rb4 { White resigns } 0-1

[Event "ICC tourney 2349 (60 10)"]
[Site "Internet Chess Club"]
[Date "2021.01.30"]
[Round "1"]
[White "maxwellmassiah"]
[Black "ETfhonehome"]
[Result "1-0"]
[ICCResult "Black checkmated"]
[WhiteElo "1738"]
[BlackElo "1303"]
[Opening "Queen's pawn, Mason variation"]
[ECO "D00"]
[NIC "QP.08"]
[Time "10:06:02"]
[PlyCount "61"]
[TimeControl "3600+10"]

1. d4 d5 2. Bf4 Nf6 3. e3 e6 4. Nd2 g6 5. Bd3 Bg7 6. Ngf3 O-O 7. Ne5 c5 8.
c3 Nfd7 9. h4 cxd4 10. exd4 Nxe5 11. dxe5 Nc6 12. Nf3 f6 13. exf6 Bxf6 14.
Bh6 Re8 15. Qc2 Ne7 16. h5 Nf5 17. hxg6 hxg6 18. g4 e5 19. gxf5 e4 20. Bb5
exf3+ 21. Bxe8 Qxe8+ 22. Be3 Bxf5 23. Qb3 Bg5 24. Qxd5+ Kg7 25. Qd4+ Bf6
26. Qf4 Kg8 27. O-O-O Bxc3 28. Qc4+ Be6 29. Qxc3 Kf7 30. Rh7+ Kf8 31. Qg7#
{ Black checkmated } 1-0

[Event "ICC tourney 2349 (60 10)"]
[Site "Internet Chess Club"]
[Date "2021.01.30"]
[Round "1"]
[White "colorfulcake"]
[Black "Kyle2007"]
[Result "0-1"]
[ICCResult "White resigns"]
[WhiteElo "1516"]
[BlackElo "2038"]
[Opening "Sicilian: closed, 6.f4"]
[ECO "B25"]
[NIC "SI.45"]
[Time "10:06:09"]
[PlyCount "80"]
[TimeControl "3600+10"]

1. e4 c5 2. Nc3 g6 3. g3 Bg7 4. Bg2 Nc6 5. d3 d6 6. f4 Nf6 7. Nf3 Bg4 8.
O-O O-O 9. Ne2 Nd7 10. c3 b5 11. Be3 Nb6 12. h3 Bxf3 13. Bxf3 b4 14. d4 Nc4
15. Bf2 Nxb2 16. Qc2 bxc3 17. Qxc3 Na4 18. Qc2 Nb6 19. dxc5 dxc5 20. Rad1
Nd4 21. Nxd4 cxd4 22. e5 Rc8 23. Qd3 Rc3 24. Qxd4 Qxd4 25. Bxd4 Ra3 26. Rd2
Rd8 27. Kf2 Nc4 28. Rdd1 Rxa2+ 29. Ke1 Na3 30. Be4 Nb5 31. Bb1 Rh2 32. Bf2
Rxd1+ 33. Kxd1 Nc3+ 34. Kc1 Nxb1 35. Kxb1 Rxh3 36. Kb2 f6 37. Re1 fxe5 38.
fxe5 Rh2 39. Re2 Bxe5+ 40. Kc2 Bxg3 { White resigns } 0-1

[Event "ICC tourney 2349 (60 10)"]
[Site "Internet Chess Club"]
[Date "2021.01.30"]
[Round "1"]
[White "kellen50158"]
[Black "AccuratePotato"]
[Result "0-1"]
[ICCResult "White checkmated"]
[WhiteElo "1288"]
[BlackElo "1748"]
[Opening "Sicilian: Najdorf, Lipnitzky attack"]
[ECO "B86"]
[NIC "SI.13"]
[Time "10:06:09"]
[PlyCount "80"]
[TimeControl "3600+10"]

1. e4 c5 2. Nf3 d6 3. d4 cxd4 4. Nxd4 Nf6 5. Nc3 a6 6. Bc4 e6 7. Bg5 b5 8.
Bb3 Be7 9. O-O O-O 10. Qe2 Bb7 11. Rfe1 Nbd7 12. Rad1 Qc7 13. Qd2 Nc5 14.
f3 Rac8 15. a3 Rfd8 16. Ba2 Qb6 17. b4 Ncd7 18. Bb3 e5 19. Be3 exd4 20.
Bxd4 Qc7 21. Ne2 Ne5 22. Qe3 Nc4 23. Qf2 Re8 24. Ra1 d5 25. Ng3 dxe4 26.
Nxe4 Bxe4 27. fxe4 Ng4 28. Qg3 Qxg3 29. hxg3 Bd6 30. c3 h6 31. a4 Bxg3 32.
Re2 Rc6 33. axb5 axb5 34. Bxc4 Rxc4 35. Ra5 Rec8 36. Rxb5 Rxd4 37. Rd5 Rxd5
38. exd5 Ra8 39. Kf1 Ra1+ 40. Re1 Rxe1# { White checkmated } 0-1

[Event "ICC tourney 2349 (60 10)"]
[Site "Internet Chess Club"]
[Date "2021.01.30"]
[Round "1"]
[White "Ososul"]
[Black "SuperBlueSky"]
[Result "1-0"]
[ICCResult "Black resigns"]
[WhiteElo "2133"]
[BlackElo "1562"]
[Opening "Ruy Lopez: closed, Bogolyubov variation"]
[ECO "C91"]
[NIC "RL.20"]
[Time "10:06:27"]
[PlyCount "93"]
[TimeControl "3600+10"]

1. e4 e5 2. Nf3 Nc6 3. Bb5 a6 4. Ba4 Nf6 5. O-O Be7 6. Re1 b5 7. Bb3 O-O 8.
d4 d6 9. c3 Bg4 10. d5 Na5 11. Bc2 Qd7 12. h3 Bh5 13. Nbd2 Nb7 14. Nf1 Bg6
15. Ng3 Nh5 16. Nxe5 dxe5 17. Nxh5 c6 18. dxc6 Qxc6 19. Ng3 Rad8 20. Qe2
Bh4 21. Qg4 Bxg3 22. Qxg3 Nc5 23. f3 f6 24. Be3 Nd3 25. Bb3+ Kh8 26. Bd5
Qc7 27. Re2 Bf7 28. Bxf7 Rxf7 29. Rd2 Rfd7 30. Kh2 h6 31. a4 Qc4 32. axb5
axb5 33. Qg4 Qc6 34. Qf5 Kg8 35. Rad1 Rd6 36. Qg6 R6d7 37. Bxh6 Qc7 38. h4
Kf8 39. Qxf6+ Rf7 40. Bxg7+ Kg8 41. Qh6 Rxg7 42. Rxd3 Rf8 43. Qe6+ Kh8 44.
Qh6+ Kg8 45. Qe6+ Kh8 46. Rd7 Qc8 47. Qh6+ { Black resigns } 1-0

[Event "ICC tourney 2349 (60 10)"]
[Site "Internet Chess Club"]
[Date "2021.01.30"]
[Round "1"]
[White "Baseballchamp"]
[Black "pvnieuwe"]
[Result "1-0"]
[ICCResult "Black checkmated"]
[WhiteElo "1925"]
[BlackElo "1496"]
[Opening "Sicilian: Alapin's variation (2.c3)"]
[ECO "B22"]
[NIC "SI.46"]
[Time "10:06:16"]
[PlyCount "113"]
[TimeControl "3600+10"]

1. e4 c5 2. c3 g6 3. Nf3 Bg7 4. Bc4 Nc6 5. d4 b6 6. O-O Na5 7. Bd3 cxd4 8.
cxd4 Bb7 9. Nc3 Nf6 10. Re1 O-O 11. Bg5 Re8 12. Qd2 d5 13. e5 Nd7 14. Bh6
Nc4 15. Qf4 f6 16. e6 Nf8 17. h4 Qc8 18. Bxc4 dxc4 19. d5 Rd8 20. Rad1 Qc5
21. Ne4 Qc8 22. Bxg7 Kxg7 23. Nxf6 exf6 24. e7 Re8 25. exf8=Q+ Rxf8 26.
Re7+ Rf7 27. Rxf7+ Kxf7 28. Ne5+ Kg7 29. Nxc4 Qd7 30. Nd6 Rd8 31. Nxb7 Qxb7
32. d6 Qc6 33. Qe3 Qd7 34. Qa3 Re8 35. Rc1 Qe6 36. Qxa7+ Kg8 37. Qxb6 Qd5
38. Qc7 Qd2 39. d7 Rf8 40. a4 Qd5 41. a5 Qd3 42. Qc4+ Qxc4 43. Rxc4 Rd8 44.
Rc8 Kf7 45. Rxd8 Ke7 46. a6 Kxd8 47. a7 Kxd7 48. a8=Q Ke7 49. b4 Kd7 50. b5
Kc7 51. Qc6+ Kb8 52. Qd7 g5 53. b6 gxh4 54. Qc7+ Ka8 55. Qd8+ Kb7 56. Qc7+
Ka8 57. Qa7# { Black checkmated } 1-0

[Event "ICC tourney 2349 (60 10)"]
[Site "Internet Chess Club"]
[Date "2021.01.30"]
[Round "1"]
[White "H2ODerp"]
[Black "jedimastermatt"]
[Result "1-0"]
[ICCResult "Black checkmated"]
[WhiteElo "2075"]
[BlackElo "1547"]
[Opening "French: Steinitz, Boleslavsky variation"]
[ECO "C11"]
[NIC "FR.04"]
[Time "10:06:03"]
[PlyCount "123"]
[TimeControl "3600+10"]

1. e4 e6 2. Nc3 d5 3. d4 Nf6 4. e5 Nfd7 5. f4 c5 6. Nf3 Nc6 7. Be3 Be7 8.
Qd2 h6 9. Be2 O-O 10. dxc5 Bxc5 11. O-O-O Qb6 12. Nd4 Bxd4 13. Bxd4 Nxd4
14. Qxd4 Qxd4 15. Rxd4 Nb6 16. b3 Bd7 17. Bf3 Rac8 18. Kb2 Rc7 19. Rd2 Rfc8
20. Ne2 Bb5 21. Nd4 Bd7 22. Re1 g6 23. Re3 h5 24. Be2 a6 25. g3 Rd8 26. h3
Nc8 27. g4 hxg4 28. hxg4 Kg7 29. Rh3 Rh8 30. Rxh8 Kxh8 31. Bd3 Ne7 32. Rg2
Rc8 33. c3 Rg8 34. Ka3 Rg7 35. Rh2+ Rh7 36. Rxh7+ Kxh7 37. Kb4 Nc6+ 38.
Nxc6 Bxc6 39. g5 Kg8 40. Kc5 Kf8 41. Kd6 Ke8 42. Kc7 Ke7 43. b4 Ke8 44. a4
Bxa4 45. Kxb7 Kd7 46. Bxa6 Bc6+ 47. Kb6 Ba4 48. Bb5+ Bxb5 49. Kxb5 Kc7 50.
Kc5 Kb7 51. c4 dxc4 52. Kxc4 Kc6 53. b5+ Kb6 54. Kb4 Kc7 55. Kc5 Kb7 56. b6
Kb8 57. Kc6 Kc8 58. b7+ Kb8 59. Kb6 f6 60. exf6 e5 61. f7 exf4 62. f8=Q# {
Black checkmated } 1-0

[Event "ICC tourney 2349 (60 10)"]
[Site "Internet Chess Club"]
[Date "2021.01.30"]
[Round "1"]
[White "acushemama"]
[Black "edmehu"]
[Result "0-1"]
[ICCResult "White checkmated"]
[WhiteElo "1584"]
[BlackElo "2212"]
[Opening "King's Indian defense, 3.Nc3"]
[ECO "E61"]
[NIC "KI.80"]
[Time "10:06:12"]
[PlyCount "98"]
[TimeControl "3600+10"]

1. d4 Nf6 2. c4 g6 3. Nc3 Bg7 4. Nf3 O-O 5. Bg5 d6 6. e3 Nbd7 7. Bd3 c6 8.
O-O Qc7 9. Rc1 e5 10. Re1 Re8 11. Qc2 Nf8 12. d5 Nh5 13. h3 f5 14. e4 f4
15. Be2 h6 16. Bh4 Qf7 17. Qd1 Bd7 18. Nh2 Nf6 19. Bxf6 Qxf6 20. Ng4 Qe7
21. Qb3 c5 22. Nb5 Rec8 23. a3 Nh7 24. Bd1 h5 25. Nh2 a6 26. Nc3 Rab8 27.
a4 b6 28. Qc2 Bh6 29. Ra1 a5 30. b3 Rf8 31. Nf3 Rf7 32. Be2 Rg7 33. Nh2 Nf6
34. f3 Bg5 35. Nd1 Bh4 36. Rf1 g5 37. Nf2 Kf7 38. Qd1 Rbg8 39. Kh1 Ke8 40.
Rb1 g4 41. fxg4 Bxf2 42. Rxf2 hxg4 43. Bxg4 Bxg4 44. Nxg4 Nxg4 45. hxg4
Rh7+ 46. Kg1 Rgh8 47. Rf1 Qh4 48. Qd2 Qg3 49. Qf2 Rh1# { White checkmated }
0-1

[Event "ICC tourney 2349 (60 10)"]
[Site "Internet Chess Club"]
[Date "2021.01.30"]
[Round "1"]
[White "knasta"]
[Black "raawad"]
[Result "1-0"]
[ICCResult "Black checkmated"]
[WhiteElo "1886"]
[BlackElo "1442"]
[Opening "Caro-Kann: Tartakower (Nimzovich) variation"]
[ECO "B15"]
[NIC "CK.06"]
[Time "10:06:43"]
[PlyCount "75"]
[TimeControl "3600+10"]

1. e4 c6 2. d4 d5 3. Nc3 dxe4 4. Nxe4 Nf6 5. Nxf6+ exf6 6. c3 Bd6 7. Bd3
Be6 8. Qc2 Qe7 9. Ne2 Bg4 10. h3 Bh5 11. Be3 Bg6 12. O-O-O Nd7 13. Rde1
O-O-O 14. Nf4 Bxd3 15. Qxd3 g5 16. Nh5 Qf8 17. Qf5 Qh6 18. g4 Qg6 19. Qf3
Rhe8 20. Bd2 Nb6 21. Qxf6 h6 22. Qf3 Nc4 23. Qf5+ Kb8 24. Qxg6 fxg6 25. Nf6
Rf8 26. Re6 Nxd2 27. Kxd2 Bf4+ 28. Kc2 Rf7 29. Rhe1 Rdf8 30. Re8+ Rxe8 31.
Rxe8+ Kc7 32. Ne4 h5 33. Rg8 Re7 34. Kd3 Re6 35. Rg7+ Kb6 36. Nc5 Rd6 37.
Rxb7+ Ka5 38. b4# { Black checkmated } 1-0

[Event "ICC tourney 2349 (60 10)"]
[Site "Internet Chess Club"]
[Date "2021.01.30"]
[Round "1"]
[White "HarperW"]
[Black "davika21"]
[Result "0-1"]
[ICCResult "White checkmated"]
[WhiteElo "1465"]
[BlackElo "1898"]
[Opening "Queen's pawn, Mason variation"]
[ECO "D00"]
[NIC "QP.08"]
[Time "10:06:08"]
[PlyCount "178"]
[TimeControl "3600+10"]

1. d4 d5 2. Bf4 Nf6 3. e3 e6 4. Nd2 Be7 5. Bd3 O-O 6. Ngf3 c5 7. c3 Nc6 8.
Ne5 Nd7 9. Ndf3 Ndxe5 10. Nxe5 Nxe5 11. dxe5 b6 12. Qc2 h6 13. Rd1 Bb7 14.
Qb1 Qc7 15. h4 Rfd8 16. Rh3 d4 17. exd4 cxd4 18. cxd4 Kh8 19. Be4 Bb4+ 20.
Bd2 Rxd4 21. Bxb7 Qxb7 22. Bxb4 Rxb4 23. Rhd3 g6 24. Qc1 Kg7 25. h5 Qxg2
26. hxg6 Re4+ 27. Re3 Qxg6 28. Ke2 Rxe3+ 29. Kxe3 Qg5+ 30. f4 Qg3+ 31. Ke2
Qg4+ 32. Ke3 Kh7 33. Rg1 Qh3+ 34. Kf2 Qf5 35. Qd2 Rc8 36. Qe3 Rc4 37. Kg3
Re4 38. Qf3 Rc4 39. a3 Rd4 40. Rd1 Qg6+ 41. Kh4 Qg5+ 42. Kh3 Rxf4 43. Qd3+
Qf5+ 44. Qxf5+ Rxf5 45. Re1 Kg7 46. Rg1+ Kf8 47. Re1 Ke7 48. Kg3 h5 49. Re4
Kd7 50. Ra4 a5 51. Re4 Kc6 52. Re3 b5 53. Re1 Kd5 54. b4 axb4 55. axb4 Rxe5
56. Rf1 Rf5 57. Rc1 Kd4 58. Kg2 Kd3 59. Kg3 Ke4 60. Re1+ Kd5 61. Rc1 Ke5
62. Rc5+ Kf6 63. Rc2 Rd5 64. Rf2+ Kg6 65. Kh4 Rd4+ 66. Kh3 Rxb4 67. Rg2+
Rg4 68. Rb2 b4 69. Rb3 e5 70. Kh2 f5 71. Kh3 Kg5 72. Kh2 Rc4 73. Rg3+ Kf6
74. Rg8 b3 75. Rb8 Rc2+ 76. Kg3 b2 77. Kf3 h4 78. Rf8+ Ke7 79. Rb8 h3 80.
Kg3 h2 81. Rxb2 Rxb2 82. Kh4 h1=Q+ 83. Kg5 Rg2+ 84. Kxf5 Qf1+ 85. Kxe5 Re2+
86. Kd4 Qd1+ 87. Kc3 Rc2+ 88. Kb3 Qb1+ 89. Ka3 Ra2# { White checkmated }
0-1

[Event "ICC tourney 2349 (60 10)"]
[Site "Internet Chess Club"]
[Date "2021.01.30"]
[Round "1"]
[White "atharvamchess"]
[Black "aritroc"]
[Result "0-1"]
[ICCResult "White checkmated"]
[WhiteElo "1476"]
[BlackElo "1917"]
[Opening "English, Tröger defense"]
[ECO "A20"]
[NIC "EO.24"]
[Time "10:06:03"]
[PlyCount "94"]
[TimeControl "3600+10"]

1. c4 e5 2. g3 Nc6 3. Bg2 d6 4. Nc3 Be6 5. d3 Qd7 6. b3 g6 7. Bb2 Bg7 8. e4
Nge7 9. Qd2 O-O 10. Nge2 f5 11. f3 a6 12. O-O f4 13. g4 Nd4 14. b4 c5 15.
bxc5 dxc5 16. Nd5 Rad8 17. Ba3 Bxd5 18. cxd5 b6 19. Nxd4 exd4 20. Rab1 Qa4
21. Bc1 Rd6 22. Qb2 g5 23. Qb3 Qd7 24. a4 Ng6 25. Ba3 Rc8 26. Rfc1 Qa7 27.
Ra1 Ne5 28. Kf2 Rh6 29. h3 Rd6 30. Bf1 Kh8 31. Rcb1 Rh6 32. Kg2 Qd7 33. Be2
Qd6 34. Rc1 Qd7 35. a5 c4 36. dxc4 d3 37. Bd1 Nxc4 38. Ra2 Ne3+ 39. Kh2
Rxc1 40. Bxc1 Qd6 41. Qxd3 Rxh3+ 42. Kg1 Rg3+ 43. Kf2 Rg2+ 44. Ke1 Rxa2 45.
Bxe3 fxe3 46. axb6 Qg3+ 47. Kf1 Qf2# { White checkmated } 0-1

[Event "ICC tourney 2349 (60 10)"]
[Site "Internet Chess Club"]
[Date "2021.01.30"]
[Round "1"]
[White "K624"]
[Black "outpost"]
[Result "0-1"]
[ICCResult "White checkmated"]
[WhiteElo "1378"]
[BlackElo "1799"]
[Opening "Sicilian: closed, Korchnoi variation"]
[ECO "B23"]
[NIC "SI.44"]
[Time "10:06:53"]
[PlyCount "138"]
[TimeControl "3600+10"]

1. e4 c5 2. Nc3 e6 3. g3 d5 4. Bg2 Nf6 5. d3 d4 6. Nce2 Nc6 7. h3 e5 8. f4
Bd6 9. f5 Bd7 10. g4 h6 11. Nf3 Qc7 12. Bd2 O-O-O 13. a3 a6 14. O-O Be7 15.
Qe1 Rde8 16. Rb1 Bd6 17. Ng3 b5 18. Ra1 Na7 19. Ba5 Qb8 20. Bd2 Qc7 21. Qe2
c4 22. Rfc1 Bc5 23. Kh1 Bc6 24. Ne1 g6 25. dxc4 bxc4 26. Qxc4 Bb5 27. Qb3
h5 28. g5 Ng4 29. Qf3 d3 30. cxd3 Nf2+ 31. Qxf2 Bxf2 32. Rxc7+ Kxc7 33.
Ba5+ Kd7 34. Ne2 Nc6 35. Bc3 Kc7 36. fxg6 fxg6 37. Rd1 Ba4 38. Rc1 Be3 39.
Ra1 Bxg5 40. Nf3 Bf6 41. Rc1 Kb7 42. Kg1 Bb5 43. Rd1 Rd8 44. Ne1 Bh4 45.
Nf3 Bf6 46. d4 Bxe2 47. Rd2 Bxf3 48. Bxf3 Bg5 49. Rd1 Be3+ 50. Kf1 Bxd4 51.
Bxd4 Rxd4 52. Rc1 Rf8 53. Ke2 Rd6 54. Rc3 Nd4+ 55. Ke3 Rxf3+ 56. Kd2 Rxc3
57. Kxc3 Nb5+ 58. Kb4 Rd4+ 59. Kb3 Rxe4 60. Kc2 Rh4 61. b3 Rxh3 62. a4 Rg3
63. axb5 axb5 64. Kb2 h4 65. Ka3 h3 66. Kb4 h2 67. Kxb5 h1=Q 68. b4 Qc6+
69. Ka5 Ra3# { White checkmated } 0-1

[Event "ICC tourney 2349 (60 10)"]
[Site "Internet Chess Club"]
[Date "2021.01.30"]
[Round "1"]
[White "elliswong"]
[Black "MagicStar"]
[Result "0-1"]
[ICCResult "White checkmated"]
[WhiteElo "1541"]
[BlackElo "2059"]
[Opening "Queen's pawn, Mason variation"]
[ECO "D00"]
[NIC "QP.08"]
[Time "10:06:04"]
[PlyCount "162"]
[TimeControl "3600+10"]

1. d4 d5 2. Bf4 Nf6 3. e3 e6 4. Bd3 Bd6 5. Bg3 O-O 6. Nf3 c5 7. c3 Qc7 8.
Nbd2 Nbd7 9. Rb1 e5 10. dxe5 Nxe5 11. Nxe5 Bxe5 12. Bxe5 Qxe5 13. Nf3 Qh5
14. O-O Be6 15. Qd2 Ne4 16. Qc2 Bf5 17. Rbd1 Rfe8 18. Qa4 Re6 19. Rfe1 Rg6
20. Ne5 Rh6 21. Nf3 Bg4 22. Bxe4 dxe4 23. Qxe4 Bxf3 24. Qxf3 Qxh2+ 25. Kf1
Qc7 26. Ke2 Qb6 27. Rd2 Qa6+ 28. Kd1 Rc6 29. Qd5 h6 30. Kc1 c4 31. Kb1 Qb6
32. Red1 a5 33. Qd4 Qa6 34. Qe4 Rcc8 35. Rd6 Qb5 36. Rd7 Re8 37. Qf3 Rf8
38. Rxb7 Qa6 39. Rdd7 Qg6+ 40. Kc1 Ra6 41. Rd4 Rf6 42. Qg3 Qxg3 43. fxg3
Re8 44. Rxc4 Rxe3 45. g4 Rf2 46. Rd4 Rxg2 47. Rd8+ Kh7 48. Rxf7 Rxg4 49.
Rf5 a4 50. Kd2 Rh3 51. Kc2 Rg2+ 52. Rd2 Rxd2+ 53. Kxd2 Rh2+ 54. Kc1 h5 55.
c4 Rh4 56. c5 Kg6 57. Rd5 Rc4+ 58. Kd2 h4 59. b3 h3 60. Ke3 axb3 61. axb3
h2 62. Rd1 Rxc5 63. Rh1 Rc2 64. b4 Kg5 65. Kf3 Kh4 66. b5 Rb2 67. b6 Kh3
68. Rc1 g5 69. b7 Rxb7 70. Ke2 g4 71. Kf2 g3+ 72. Kf3 Rf7+ 73. Ke4 Kg2 74.
Rc2+ Rf2 75. Rxf2+ gxf2 76. Kd4 f1=Q 77. Kc5 h1=Q 78. Kb6 Qc4 79. Ka7 Qa1+
80. Kb6 Qb2+ 81. Ka5 Qca2# { White checkmated } 0-1

[Event "ICC tourney 2349 (60 10)"]
[Site "Internet Chess Club"]
[Date "2021.01.30"]
[Round "2"]
[White "Chesssmolbrain"]
[Black "acushemama"]
[Result "1-0"]
[ICCResult "Black checkmated"]
[WhiteElo "1393"]
[BlackElo "1584"]
[Opening "Queen's bishop game"]
[ECO "D00"]
[NIC "QP.08"]
[Time "13:01:09"]
[PlyCount "27"]
[TimeControl "3600+10"]

1. d4 d5 2. Bf4 Nf6 3. Nf3 c5 4. e3 Nc6 5. c3 Bf5 6. Bd3 Bxd3 7. Qxd3 e6 8.
Nbd2 Be7 9. Ne5 Nxe5 10. Bxe5 O-O 11. Nf3 Rc8 12. Ng5 h6 13. Bxf6 Bxf6 14.
Qh7# { Black checkmated } 1-0

[Event "ICC tourney 2349 (60 10)"]
[Site "Internet Chess Club"]
[Date "2021.01.30"]
[Round "2"]
[White "Pandemonium06"]
[Black "rgolden277"]
[Result "0-1"]
[ICCResult "White resigns"]
[WhiteElo "1378"]
[BlackElo "1554"]
[Opening "Vienna gambit: Paulsen attack"]
[ECO "C29"]
[NIC "VG.03"]
[Time "13:01:03"]
[PlyCount "20"]
[TimeControl "3600+10"]

1. e4 e5 2. Nc3 Nf6 3. f4 d5 4. fxe5 Nxe4 5. Qf3 Nc6 6. Bb5 Nxc3 7. dxc3
Be6 8. Be3 Be7 9. Ne2 O-O 10. Qg3 Bh4 { White resigns } 0-1

[Event "ICC tourney 2349 (60 10)"]
[Site "Internet Chess Club"]
[Date "2021.01.30"]
[Round "2"]
[White "Alycatheawesome"]
[Black "Icecream232"]
[Result "0-1"]
[ICCResult "White resigns"]
[WhiteElo "1411"]
[BlackElo "1661"]
[Opening "Queen's pawn: London system"]
[ECO "A45"]
[NIC "QP.07"]
[Time "13:01:38"]
[PlyCount "102"]
[TimeControl "3600+10"]

1. d4 Nf6 2. Bf4 c5 3. d5 g6 4. Nc3 d6 5. Qd2 Bg7 6. e4 O-O 7. Bh6 Nbd7 8.
O-O-O Qb6 9. h4 Nxe4 10. Na4 Nxd2 11. Nxb6 Nxb6 12. Bxg7 Kxg7 13. Rxd2 Bf5
14. Nf3 Be4 15. c4 Bxf3 16. gxf3 a5 17. b3 a4 18. Bg2 axb3 19. axb3 Ra1+
20. Kb2 Rxh1 21. Bxh1 Ra8 22. Rd1 Kh6 23. Re1 Nc8 24. Bg2 Kg7 25. Bh3 Kf6
26. Bg4 Nb6 27. f4 Rd8 28. Ra1 Ra8 29. Rxa8 Nxa8 30. Kc3 Nc7 31. Kd3 e6 32.
dxe6 Nxe6 33. Ke4 Nc7 34. f5 Kg7 35. fxg6 hxg6 36. f4 f5+ 37. Kf3 fxg4+ 38.
Kxg4 Kf6 39. Kg3 Ne6 40. Kg4 Nd4 41. Kg3 Kf5 42. Kh3 Kxf4 43. Kg2 Nxb3 44.
Kh3 Nd2 45. Kg2 Nxc4 46. Kh3 b5 47. Kg2 b4 48. Kf2 b3 49. Ke2 b2 50. Kd1
Nd2 51. Kxd2 b1=Q { White resigns } 0-1

[Event "ICC tourney 2349 (60 10)"]
[Site "Internet Chess Club"]
[Date "2021.01.30"]
[Round "2"]
[White "ZhonglisMeteor"]
[Black "Seanblustin"]
[Result "1-0"]
[ICCResult "Black resigns"]
[WhiteElo "1425"]
[BlackElo "831"]
[Opening "Queen's pawn, Mason variation"]
[ECO "D00"]
[NIC "QP.08"]
[Time "13:00:53"]
[PlyCount "61"]
[TimeControl "3600+10"]

1. d4 d5 2. Bf4 Nc6 3. Nf3 Nf6 4. e3 Bf5 5. Nbd2 e6 6. a3 Be7 7. c4 a6 8.
Be2 Qd7 9. b4 dxc4 10. Bxc4 O-O 11. O-O Bd6 12. Ne5 Nxe5 13. dxe5 b5 14.
Be2 Be7 15. exf6 Bxf6 16. Ra2 e5 17. Bg3 Be6 18. Rc2 Rad8 19. Ne4 Qe7 20.
Nxf6+ Qxf6 21. Qc1 Qg6 22. Rxc7 f5 23. Bxe5 Bf7 24. Bf3 Rde8 25. Qc3 Rd8
26. Rd1 Rxd1+ 27. Bxd1 Rd8 28. Bb3 Qe6 29. Rxf7 Kh8 30. Rf8+ Rxf8 31. Bxe6
{ Black resigns } 1-0

[Event "ICC tourney 2349 (60 10)"]
[Site "Internet Chess Club"]
[Date "2021.01.30"]
[Round "2"]
[White "vsausemicheal"]
[Black "lemon365"]
[Result "0-1"]
[ICCResult "White checkmated"]
[WhiteElo "1679"]
[BlackElo "2034"]
[Opening "Queen's pawn game"]
[ECO "D00"]
[NIC "QP.07"]
[Time "13:01:35"]
[PlyCount "66"]
[TimeControl "3600+10"]

1. d4 Nf6 2. Nc3 d5 3. Bf4 Bf5 4. Nf3 e6 5. e3 h6 6. Ne5 Nbd7 7. Bd3 Bxd3
8. Qxd3 c5 9. Qb5 Qb6 10. Nxd7 Nxd7 11. O-O Be7 12. Rfe1 a6 13. Qxb6 Nxb6
14. dxc5 Bxc5 15. e4 d4 16. Ne2 Nd7 17. e5 g5 18. Bg3 Nb6 19. Red1 Rd8 20.
Nc1 Nc8 21. Nb3 Bb6 22. h4 Ne7 23. a4 Nf5 24. hxg5 hxg5 25. Bh2 Ke7 26. g4
Nh4 27. Rd3 Rc8 28. Rc1 Rhd8 29. Nd2 Rc6 30. Ne4 Rdc8 31. Nxg5 Rxc2 32.
Rxc2 Rxc2 33. Rb3 Rc1# { White checkmated } 0-1

[Event "ICC tourney 2349 (60 10)"]
[Site "Internet Chess Club"]
[Date "2021.01.30"]
[Round "2"]
[White "jedimastermatt"]
[Black "IcePotato"]
[Result "1-0"]
[ICCResult "Black checkmated"]
[WhiteElo "1547"]
[BlackElo "1298"]
[Opening "Queen's pawn"]
[ECO "A40"]
[NIC "QO.17"]
[Time "13:00:55"]
[PlyCount "113"]
[TimeControl "3600+10"]

1. d4 e6 2. Nf3 f5 3. Bf4 d5 4. e3 c6 5. Nbd2 Nf6 6. h3 Bd6 7. Be5 O-O 8.
Be2 Nbd7 9. Bxd6 Rf7 10. Ne5 Nxe5 11. Bxe5 Qb6 12. Rb1 Qa5 13. a3 Ne4 14.
c3 Nf6 15. Qb3 Nd7 16. Nf3 Nxe5 17. Nxe5 Rf6 18. Qb4 Qxb4 19. cxb4 a5 20.
O-O axb4 21. axb4 f4 22. b5 fxe3 23. fxe3 cxb5 24. Bxb5 Ra5 25. Bd7 Bxd7
26. Nxd7 Rf7 27. Rxf7 Kxf7 28. Nc5 b6 29. Nd3 h5 30. Kf2 Kf6 31. b4 Ra2+
32. Rb2 Rxb2+ 33. Nxb2 b5 34. Nd3 g5 35. Nc1 Kf5 36. Ke2 e5 37. dxe5 Kxe5
38. Kd3 g4 39. hxg4 hxg4 40. g3 Kd6 41. Kd4 Ke6 42. Nd3 Kd6 43. Nf4 Kc6 44.
Nxd5 Kd6 45. e4 Ke6 46. Nc3 Kd6 47. Nxb5+ Ke6 48. Nc3 Kd6 49. b5 Ke6 50.
Kc5 Kd7 51. e5 Kc7 52. e6 Kc8 53. b6 Kb7 54. e7 Kc8 55. e8=Q+ Kb7 56. Qd7+
Ka6 57. Qa7# { Black checkmated } 1-0